 Dungeon Crawl Stone Soup version 0.29.1-1-gd02db6906a (webtiles) character file.

Game seed: 5726736059784083237

436 xian the Ducker (level 6, -4/53 HPs)
             Began as a Troll Gladiator on Sept 24, 2022.
             Was a Believer of Ru.
             Splashed by a jelly's acid (10 damage)
             ... on level 4 of the Dungeon.
             The game lasted 00:13:09 (3105 turns).

xian the Ducker (Troll Gladiator)                   Turns: 3105, Time: 00:13:10

Health: -4/53      AC: -8    Str: 25    XL:     6   Next: 69%
Magic:  5/5        EV: 10    Int:  4    God:    Ru [**....]
Gold:   197        SH:  0    Dex:  9    Spells: 5/5 levels left

rFire   . . .      SeeInvis .   A - +5 short sword of Fae Tortfeasance {vamp, Stlth+}
rCold   . . .      Faith    .   (no shield)
rNeg    + . .      Spirit   .   b - +0 robe
rPois   .          Reflect  .   c - +0 hat
rElec   .          Harm     .   (no cloak)
rCorr   .          Rampage  .   (gloves unavailable)
Will    +....                   (boots unavailable)
Stlth   ++........              (no amulet)
HPRegen 0.97/turn               f - ring of willpower
MPRegen 0.09/turn               v - ring of positive energy

@: corroded
A: large, unfitting armour, claws 3, clumsy 1, frail 1, regeneration 1, shaggy
fur 1, tough skin 1
a: Renounce Religion


You were on level 4 of the Dungeon.
You worshipped Ru.
Ru was pleased with you.
You visited 1 branch of the dungeon, and saw 4 of its levels.

You collected 197 gold pieces.

Inventory:

Hand Weapons
 A - the +5 short sword of Fae Tortfeasance (weapon) {vamp, Stlth+}
   (You found it on level 4 of the Dungeon)

   It occasionally heals its wielder for a portion of the damage dealt when it
   wounds a living foe.
   Stlth:     It makes you more stealthy.
Missiles
 d - 3 throwing nets
 e - 5 large rocks
 k - 2 stones
 u - 4 atropa-tipped darts (quivered)
Armour
 b - a +0 robe (worn)
 c - a +0 hat (worn)
Jewellery
 f - a ring of willpower (left claw)
 v - a ring of positive energy (right claw)
Scrolls
 j - 4 scrolls of teleportation
 l - a scroll of blinking {unknown}
 n - 3 scrolls of identify {unknown}
 o - 2 scrolls of enchant weapon {unknown}
 p - a scroll of magic mapping {unknown}
 q - 2 scrolls of noise {unknown}
 r - 2 scrolls of fog {unknown}
 w - 3 scrolls of brand weapon {unknown}
 y - a scroll of torment {unknown}
Potions
 a - a potion of ambrosia {unknown}
 g - a potion of heal wounds {unknown}
 h - 2 potions of mutation {unknown}
 i - 2 potions of attraction {unknown}
 m - 3 potions of haste {unknown}
 t - a potion of curing {unknown}
 x - a potion of brilliance
 z - a potion of degeneration {unknown}


   Skills:
 + Level 2.8 Fighting
 + Level 2.7 Short Blades
 + Level 3.3 Maces & Flails
 + Level 2.3 Throwing
 + Level 4.0 Dodging
 + Level 1.0 Stealth


You had 5 spell levels left.
You didn't know any spells.
Your spell library contained the following spells:

 Spells                   Type           Power      Damage    Failure   Level
 Magic Dart               Conj           0%         1d3       50%         1
 Call Imp                 Summ           0%         N/A       65%         2
 Ensorcelled Hibernation  Hex/Ice        0%         N/A       65%         2
 Passwall                 Tmut/Erth      0%         N/A       65%         2
 Scorch                   Fire           0%         2d5       65%         2
 Mephitic Cloud           Conj/Pois/Air  0%         N/A       86%         3
 Swiftness                Air            0%         N/A       86%         3
 Flame Wave               Conj/Fire      0%         2d4       99%         4
 Summon Cactus Giant      Summ           0%         N/A       100%        6
 Malign Gateway           Summ/Tloc      0%         N/A       100%        7
 Borgnjor's Revivificati  Necr           0%         N/A       100%        8
 Necromutation            Tmut/Necr      0%         N/A       100%        8
 Summon Horrible Things   Summ           0%         N/A       100%        8
 Death's Door             Necr           0%         N/A       100%        9


Dungeon Overview and Level Annotations

Branches:
Dungeon (4/15)
 Temple: D:4-7

Altars:
Gozag
Ru


Innate Abilities, Weirdness & Mutations

You are too large for most types of armour.
You have claws for hands.
You are clumsy. (Dex -2)
You are frail. (-10% HP)
Your natural rate of healing is unusually fast.
You are covered in fur. (AC +1)
You have tough skin. (AC +1)


Message History

You kill the ball python!
The hobgoblin barely misses you.
Your Stealth skill increases to level 1!
The hobgoblin closely misses you.
You hit the hobgoblin.
The hobgoblin is severely wounded.
The hobgoblin hits you.
The jelly quivers.
You hit the hobgoblin.
You kill the hobgoblin!
You see here a hobgoblin corpse.
The jelly hits you but does no damage.
You barely miss the jelly. The jelly barely misses you.
You hit the jelly.
Your claws burn!
The jelly is moderately wounded.
The jelly hits you but does no damage.
You hit the jelly.
You feel better. The acid corrodes you!
Your claws burn!
The jelly is heavily wounded.
The jelly hits you. The acid corrodes you!
You are splashed with acid!
You hit the jelly but do no damage.
Your claws burn!
The jelly is heavily wounded.
The jelly closely misses you.
You hit the jelly.
You feel better.
Your claws burn!
The jelly is severely wounded.
The jelly hits you. The acid corrodes you!
You are splashed with acid!
You hit the jelly.
Your claws burn!
The jelly is severely wounded.
The jelly hits you. The acid corrodes you!
You are splashed with acid!
* * * LOW HITPOINT WARNING * * *
You hit the jelly but do no damage.
Your claws burn!
* * * LOW HITPOINT WARNING * * *
The jelly is severely wounded.
The jelly barely misses you.
You hit the jelly but do no damage.
Your claws burn!
* * * LOW HITPOINT WARNING * * *
The jelly is severely wounded.
The jelly hits you.
* * * LOW HITPOINT WARNING * * *
You are splashed with acid!
You die...

.# #.# .#
#.######## .#
#......... .#
#)†###### .#
#..# .#
#..#######
...#...[....#
#.....†.##.##.#
####.##@...$..#
#.##.J#.#..#
#..........#
####.B#(#.##
.......#
####.### . .


You could see a jelly and a giant cockroach.

Vanquished Creatures
  Grinder (D:3)
  Jessica (D:2)
  Robin (D:2)
  4 gnolls (D:3)
  5 adders
  5 worms
  6 dart slugs
  8 bats
  4 endoplasms
  14 goblins
  10 hobgoblins
  6 jackals
  7 quokkas
  11 ball pythons
  4 frilled lizards
  8 kobolds
  6 rats
101 creatures vanquished.

Notes
Turn   | Place    | Note
-------+----------+-------------------------------------------
     0 | D:1      | xian the Troll Gladiator began the quest for the Orb.
     0 | D:1      | Reached XP level 1. HP: 19/19 MP: 0/0
   147 | D:1      | Reached XP level 2. HP: 27/27 MP: 1/1
   230 | D:1      | Found a faded altar of an unknown god.
   260 | D:1      | Prayed at the altar of an unknown god.
   260 | D:1      | Became a worshipper of Ru the Awakened
   267 | D:1      | Gained mutation: You are frail. (-10% HP) [Ru sacrifice]
   267 | D:1      | Reached * piety under Ru
   467 | D:1      | Reached skill level 3 in Dodging
   480 | D:1      | Reached XP level 3. HP: 29/29 MP: 2/2
  1017 | D:2      | Noticed Jessica
  1035 | D:2      | Killed Jessica
  1107 | D:2      | Reached XP level 4. HP: 27/37 MP: 3/3
  1275 | D:2      | Reached skill level 1 in Short Blades
  1525 | D:2      | Noticed Robin
  1546 | D:2      | Killed Robin
  1765 | D:2      | Reached XP level 5. HP: 44/44 MP: 4/4
  2077 | D:3      | Noticed Grinder
  2137 | D:3      | Killed Grinder
  2138 | D:3      | Reached XP level 6. HP: 33/53 MP: 5/5
  2682 | D:3      | Found an opulent altar of Gozag.
  2953 | D:4      | Gained mutation: You are clumsy. (Dex -2) [Ru sacrifice]
  2953 | D:4      | Reached ** piety under Ru
  2956 | D:4      | Identified the +5 short sword of Fae Tortfeasance {vamp,
                  | Stlth+}
  3072 | D:4      | Reached skill level 4 in Dodging
  3092 | D:4      | Reached skill level 1 in Stealth
  3105 | D:4      | Splashed by a jelly's acid

Illustrated notes

Levels and vault maps discovered:
D:1:      minmay_arrival_nine_rooms, layout_basic,
          hellmonk_ecumenical_altar_pennies_from_heaven,
          chequers_serial_rivers_large_a
D:2:      layout_basic, minmay_increasing_density, uniq_jessica, uniq_robin
D:3:      layout_rooms, general_overflow_altar, uniq_grinder
D:4:      layout_loops_ring, lemuel_zombie_altar_yredelemnul,
          minmay_temple_entry_fiery, uniq_natasha

Skill      XL: |  1  2  3  4  5  6 |
---------------+-------------------+-----
Maces & Flails | 3 |  3.3
Dodging        | 3 4 |  4.0
Short Blades   | 1 2 |  2.7
Fighting       | 2 |  2.8
Throwing       | 2 |  2.3
Stealth        | 1 |  1.0

Action                   |  1- 3 |  4- 6 || total
-------------------------+-------+-------++-------
Melee: Flail             |    13 |       ||    13
       Dagger            |    68 |   200 ||   268
       Punch             |       |     2 ||     2
       Short sword       |       |    32 ||    32
Throw: Stone             |     6 |    17 ||    23
       Dart              |     3 |     4 ||     7
       Large rock        |     1 |       ||     1
Invok: Sacrifice Health  |     1 |       ||     1
       Sacrifice Purity  |       |     1 ||     1
  Use: Scroll            |       |     1 ||     1
 Stab: Sleeping          |     1 |     1 ||     2
Armor: Robe              |    33 |    71 ||   104
Dodge: Dodged            |    46 |   116 ||   162
